 Dungeon Crawl Stone Soup version 0.23-a0-395-gcf17ac6 (webtiles) character file.

1340 JeffiDaFish the Conjurer (level 8, -3/66 HPs)
             Began as a Purple Draconian Conjurer on Nov 1, 2018.
             Was a Follower of Vehumet.
             Killed from afar by an electric eel (6 damage)
             ... with a bolt of electricity
             ... on level 5 of the Dungeon.
             The game lasted 00:16:17 (6592 turns).

JeffiDaFish the Conjurer (DrCj)                     Turns: 6592, Time: 00:16:18

Health: -3/66      AC:  6    Str: 11    XL:     8   Next: 35%
Magic:  10/18      EV: 15    Int: 21    God:    Vehumet [*.....]
Gold:   231        SH:  0    Dex: 11    Spells: 10/20 levels left

rFire    . . .     SeeInvis .   c - +1 short sword
rCold    . . .     Gourm    .   (no shield)
rNeg     . . .     Faith    .   (armour unavailable)
rPois    .         Spirit   .   (helmet restricted)
rElec    .         Reflect  .   (no cloak)
rCorr    .         Harm     .   (no gloves)
MR       +....                  (no boots)
Stlth    ++........             (no amulet)
HPRegen  0.21/turn              i - +3 ring of intelligence
MPRegen  0.16/turn              l - +2 ring of evasion

@: no status effects
A: breathe power, unfitting armour, cold-blooded, AC +6
a: Breathe Dispelling Energy, Renounce Religion


You were on level 5 of the Dungeon.
You worshipped Vehumet.
Vehumet was aware of your devotion.
You were hungry.

You visited 2 branches of the dungeon, and saw 6 of its levels.
You also visited: Sewer.

You collected 231 gold pieces.

Inventory:

Hand Weapons
 c - a +1 short sword (weapon)
 d - a +0 short sword of draining
Jewellery
 i - a +3 ring of intelligence (left hand)
 k - a +3 ring of dexterity
 l - a +2 ring of evasion (right hand)
 m - an uncursed ring of see invisible
Scrolls
 f - 3 scrolls of remove curse
 g - 2 scrolls of teleportation
 h - 2 scrolls of identify
Potions
 a - 4 potions of curing
 e - a potion of might
 j - a potion of flight
Comestibles
 b - 5 rations
 n - a chunk of flesh


   Skills:
 + Level 4.3 Fighting
 + Level 4.1 Dodging
 - Level 1.7 Stealth
 * Level 6.9 Spellcasting
 * Level 7.0 Conjurations
 + Level 0.6 Hexes


You had 10 spell levels left.
You knew the following spells:

 Your Spells              Type           Power        Failure   Level  Hunger
a - Magic Dart            Conj           ####         1%          1    None
b - Searing Ray           Conj           #####.       1%          2    None
c - Iskenderun's Mystic   Conj           #####...     4%          4    ###....
d - Dazzling Spray        Conj/Hex       ###...       5%          3    #......

Your spell library contained the following spells:

 Spells                   Type           Power        Failure   Level  Hunger
 Freeze                   Ice            #...         9%          1    None
 Shock                    Conj/Air       ###.         1%          1    None
 Static Discharge         Conj/Air       ###.....     6%          3    #......
 Swiftness                Chrm/Air       #.......     14%         2    None
 Fulminant Prism          Conj/Hex       ###.......   19%         4    ###....
 Force Lance              Conj/Tloc      ###.....     21%         4    ###....
 Lightning Bolt           Conj/Air       ###.......   50%         5    #####..
 Airstrike                Air            #.........   65%         4    ###....


Dungeon Overview and Level Annotations

Branches:
Dungeon (5/15)             Temple (1/1) D:4

Altars:
Ashenzari
Cheibriados
Gozag
Hepliaklqana
Uskayaw
Vehumet
Wu Jian


Innate Abilities, Weirdness & Mutations

You can breathe bolts of dispelling energy.
Your rich purple scales are hard. (AC +6)
You cannot fit into any form of body armour.
You are cold-blooded and may be slowed by cold attacks.


Message History

The bolt of electricity hits you!
The electric eel shoots out a bolt of lightning at you!
The bolt of electricity hits you!
Casting: Iskenderun's Mystic Blast (safe; 4% risk of failure)
Confirm with . or Enter, or press ? or * to list all spells.
Aiming: Iskenderun's Mystic Blast (safe; 4% risk of failure)
Press: ? - help, Shift-Dir - straight line, f/p - electric eel
Aim: an electric eel (water)
The orb of energy misses the electric eel.
The electric eel shoots out a bolt of lightning at you!
The bolt of electricity hits you!
The electric eel shoots out a bolt of lightning at you!
The bolt of electricity hits you!
* * * LOW HITPOINT WARNING * * *
The electric eel shoots out a bolt of lightning at you!
The bolt of electricity hits you!
* * * LOW HITPOINT WARNING * * *
The electric eel shoots out a bolt of lightning at you!
The bolt of electricity hits you!
You die...

...## ##.#
###.....###.###.
..## #.#
#.########...###
'## #.# ..
.≈≈O≈##'## # .###
#.# .# .P≈?≈≈#.#
...########.# .#
...[$;#.#
....<.......# ##≈#
.≈P[;;#.# #
...########## #≈≈#
.≈.≈≈##≈# ## .....#
##≈##########≈## #.
..##.#
#.@#..P≈(≈##≈## ###
(.##.#
#.#'...≈.;≈#≈# #..
.###.#
#≈#.....≈(≈#.####.#
.# #.#
#≈#....≈.;≈#.#.....
.###.#
#≈##..P.(;##.####.#
.....##
##≈########≈## #.#
......#
##....≈≈≈≈## #..
.####.# #####
########### ###
..##### ##...##
#.........#


You could see 3 electric eels.

Vanquished Creatures
  2 phantoms
  An ogre (D:4)
  A big kobold (Sewer)
  2 centaurs (D:5)
  3 scorpions
  A howler monkey (D:5)
  A crimson imp (D:5)
  A quasit (D:5)
  3 orc priests (D:5)
  2 hounds
  A jelly (D:5)
  5 orc wizards
  3 worker ants
  3 adders (D:5)
  2 river rats (Sewer)
  An adder skeleton (D:3)
  A worm (D:3)
  5 dart slugs
  4 leopard geckos
  20 orcs
  13 giant cockroaches
  10 goblins
  2 hobgoblins
  16 jackals
  4 quokkas
  3 ball pythons
  6 bats
  8 frilled lizards
  15 kobolds
  9 rats
148 creatures vanquished.

Vanquished Creatures (others)
  3 plants (D:5)
3 creatures vanquished.

Grand Total: 151 creatures vanquished

Notes
Turn   | Place    | Note
-------+----------+-------------------------------------------
     0 | D:1      | JeffiDaFish the Draconian Conjurer began the quest for the
                  | Orb.
     0 | D:1      | Reached XP level 1. HP: 14/14 MP: 3/3
    71 | D:1      | Reached XP level 2. HP: 9/22 MP: 1/5
   359 | D:1      | Learned a level 2 spell: Searing Ray
   660 | D:1      | Reached skill level 1 in Fighting
   747 | D:1      | Reached XP level 3. HP: 20/28 MP: 2/6
  1612 | D:3      | HP: 1/28 [worm (12)]
  2014 | D:3      | Reached XP level 4. HP: 34/35 MP: 3/8
  2151 | D:3      | Found an opulent altar of Gozag.
  2675 | D:3      | Learned a level 4 spell: Iskenderun's Mystic Blast
  2930 | D:3      | Reached XP level 5. HP: 35/41 MP: 1/9
  3388 | D:4      | Reached skill level 5 in Conjurations
  3712 | D:4      | Noticed a phantom
  3750 | D:4      | Noticed an ogre
  3761 | D:4      | Killed a phantom
  3761 | D:4      | Reached XP level 6. HP: 25/50 MP: 0/11
  4579 | D:4      | Found a staircase to the Ecumenical Temple.
  4588 | Temple   | Entered the Ecumenical Temple
  4596 | Temple   | Became a worshipper of Vehumet
  4820 | D:5      | Entered Level 5 of the Dungeon
  4913 | D:5      | Your scales start taking on a rich purple colour.
  4913 | D:5      | Reached skill level 5 in Spellcasting
  4913 | D:5      | Reached XP level 7. HP: 57/57 MP: 8/14
  4932 | D:5      | Reached skill level 6 in Conjurations
  4945 | D:5      | Learned a level 3 spell: Dazzling Spray
  5274 | D:5      | Found a snail-covered altar of Cheibriados.
  5277 | D:5      | Found a hazy altar of Hepliaklqana.
  5300 | D:5      | Found a snail-covered altar of Cheibriados.
  5450 | D:5      | Reached * piety under Vehumet
  5450 | D:5      | Offered knowledge of Freeze by Vehumet.
  5450 | D:5      | Reached XP level 8. HP: 44/66 MP: 0/17
  5492 | D:5      | Found a glowing drain.
  5509 | Sewer    | Entered a sewer
  5876 | Sewer    | Found a white marble altar of Elyvilon.
  6306 | D:5      | Reached skill level 7 in Conjurations
  6320 | D:5      | Found an ornate altar of the Wu Jian Council.
  6324 | D:5      | Found a shattered altar of Ashenzari.
  6523 | D:5      | Noticed a two-headed ogre
  6591 | D:5      | HP: 3/66 [electric eel/bolt of electricity (11)]
  6592 | D:5      | Killed from afar by an electric eel

Vault maps used:
D:1:      kennysheep_arrival_seaside, minmay_box_of_dots
D:3:      grunt_gozag_statues
D:4:      lemuel_temple_firewalk_b
D:5:      cheibrodos_two_vegetables, grunt_temple_overflow_cloverleaf,
          portal_sewer_entry_d, first_ration, hangedman_decor_clover_reticule,
          cheibriados_altar_1
Temple:   dpeg_chambers_temple
Sewer:    sewer_kobolds

Skill      XL: |  1  2  3  4  5  6  7  8 |
---------------+-------------------------+-----
Dodging        | 2 3 4 |  4.1
Fighting       | 1 2 3 4 |  4.3
Spellcasting   | 3 5 6 |  6.9
Conjurations   | 5 6 7 |  7.0
Stealth        | |  1.7
Hexes          | |  0.6

Action                   |  1- 3 |  4- 6 |  7- 9 || total
-------------------------+-------+-------+-------++-------
Melee: Dagger            |    29 |       |       ||    29
       Tailslap          |    14 |     9 |    10 ||    33
       Unarmed           |     1 |       |       ||     1
       Short sword       |   117 |   140 |   107 ||   364
 Cast: Magic Dart        |    42 |    51 |    22 ||   115
       Searing Ray       |     5 |    10 |    12 ||    27
       Iskenderun's Myst |       |     1 |    17 ||    18
       Dazzling Spray    |       |       |     2 ||     2
  Use: Scroll            |     6 |     1 |     3 ||    10
       Potion            |     3 |     2 |     3 ||     8
 Stab: Sleeping          |     6 |     3 |     1 ||    10
  Eat: Chunk             |     4 |     7 |     7 ||    18
       Ration            |       |     1 |       ||     1
Armor: Skin              |    61 |    49 |    34 ||   144
Dodge: Dodged            |   116 |   119 |   111 ||   346

Table legend:
 A = Non-vault XP
 B = Vault XP
 C = Vault XP percentage of total XP
 D = Non-vault monster count
 E = Vault monster count
 F = Vault count percentage of total count
                 A         B        C        D         E       F
            +---------+---------+-------+---------+---------+-------
      Total |    1710 |     205 |  10.7 |     132 |      16 |  10.8
            +---------+---------+-------+---------+---------+-------
        D:1 |      37 |       5 |  11.9 |      21 |       3 |  12.5
        D:2 |      43 |       0 |   0.0 |      23 |       0 |   0.0
        D:3 |     146 |       0 |   0.0 |      34 |       0 |   0.0
        D:4 |     431 |       0 |   0.0 |      13 |       0 |   0.0
        D:5 |    1053 |      58 |   5.2 |      41 |       2 |   4.7
      Sewer |       0 |     142 | 100.0 |       0 |      11 | 100.0
            +---------+---------+-------+---------+---------+-------
